 Dungeon Crawl Stone Soup version 0.19.3-1-g3169bf9 (console) character file.

728 Grinner the Basher (level 7, -2/78 HPs)
             Began as an Ogre Fighter on Jan 27, 2017.
             Slain by an orc priest
             ... wielding a +0 hand axe
              (3 damage)
             ... on level 4 of the Dungeon.
             The game lasted 00:08:54 (3294 turns).

Grinner the Basher (Ogre Fighter)                   Turns: 3294, Time: 00:08:55

Health: -2/78      AC:  3    Str: 22 (24) XL:     7   Next: 72%
Magic:  7/7        EV: 11    Int:  4 (7)  God:
Gold:   236        SH:  0    Dex:  8 (9)  Spells: 0 memorised, 6 levels left

rFire  . . .     SeeInvis +     t - +0 mace
rCold  + . .     Gourm    .     b - +0 robe
rNeg   . . .     Faith    .     (no shield)
rPois  .         Spirit   .     (helmet restricted)
rElec  .         Reflect  .     (no cloak)
rCorr  .         Harm     .     (gloves unavailable)
MR     .....                    (boots unavailable)
Stlth  +.........               (no amulet)
                                x - ring of see invisible
                                r - ring of protection from cold

@: no status effects
A: unfitting armour, tough skin 1
a: no special abilities


You were on level 4 of the Dungeon.
You were very hungry.

You visited 1 branch of the dungeon, and saw 4 of its levels.

You collected 236 gold pieces.

Inventory:

Hand Weapons
 a - a +0 flail
 c - a +0 giant club
 t - a +0 mace (weapon)
Missiles
 k - 2 steel tomahawks (quivered)
Armour
 b - a +0 robe (worn)
Jewellery
 r - a ring of protection from cold (left hand)
 s - an uncursed ring of ice
 x - a ring of see invisible (right hand)
Wands
 d - a wand of acid (5/15)
 m - a wand of slowing (48/48)
Scrolls
 e - 2 scrolls of random uselessness
 i - a scroll of recharging
 j - a scroll of fog
 o - a scroll of teleportation
 q - 4 scrolls of identify
 v - 3 scrolls of remove curse
Potions
 p - a potion of haste
 z - a potion of might
 A - a potion of brilliance
Comestibles
 f - 3 bread rations
 g - a meat ration
 h - a fruit
 l - a beef jerky
 n - 2 royal jellies


   Skills:
 + Level 7.0 Fighting
 * Level 8.1 Maces & Flails
 + Level 4.3 Dodging
   Level 2.6 Shields


You had 6 spell levels left.
You didn't know any spells.

Dungeon Overview and Level Annotations

Branches:
Dungeon (4/15)
 Temple: D:4-7

Altars:


Innate Abilities, Weirdness & Mutations

You are too large for most types of armour.
You have tough skin. (AC +1)


Message History

You hit the orc priest but do no damage.
The orc priest is lightly wounded.
The orc priest hits you with a hand axe.
* * * LOW HITPOINT WARNING * * *
The phantom hits you but does no damage.
You sock the orc priest!
The orc priest is severely wounded.
The orc priest hits you with a hand axe.
* * * LOW HITPOINT WARNING * * *
The phantom barely misses you.
You hit the orc priest.
The orc priest is almost dead.
The orc priest hits you with a hand axe.
* * * LOW HITPOINT WARNING * * *
The phantom misses you.
Okay, then.
You barely miss the orc priest.
The orc priest is almost dead.
The orc priest hits you with a hand axe.
You die...

..##. ..##.# ....
..##.# #.. ..# #
#..####..#
##.#...(.#..#
.....o......#
##### #...))....#
#.... #.###.#o###
#..# #. #)#@#
####..###. #.#W#
#####.........
#.#.###.....†...#
#.
#.#.............#
#.
#.#####.###.##..#
#. #.# #.#
#.##..###. #.#
#.# #.##......
#.# #.#
#....####. #.#
#.# #.#### ##


You could see a phantom and an orc priest.

Vanquished Creatures
  Grinder (D:3)
  An ice beast (D:3)
  An ogre (D:4)
  A howler monkey (D:3)
  A centaur skeleton (D:4)
  2 orc wizards (D:4)
  3 worker ants (D:4)
  3 gnolls (D:4)
  4 adders
  4 oozes
  2 worms (D:4)
  3 dart slugs
  A leopard gecko (D:4)
  4 orcs (D:4)
  A giant cockroach (D:3)
  10 goblins
  8 hobgoblins
  7 jackals
  7 kobolds
  5 quokkas
  2 ball pythons
  7 bats
  7 frilled lizards
  8 rats
93 creatures vanquished.

Notes
Turn   | Place    | Note
-------+----------+-------------------------------------------
     0 | D:1      | Grinner the Ogre Fighter began the quest for the Orb.
     0 | D:1      | Reached XP level 1. HP: 24/24 MP: 1/1
    13 | D:1      | Reached skill level 3 in Maces & Flails
    21 | D:1      | Reached XP level 2. HP: 22/32 MP: 2/2
   293 | D:1      | Reached XP level 3. HP: 29/40 MP: 3/3
   562 | D:2      | You fall through a shaft for 2 floors!
   563 | D:4      | Noticed an ogre
   572 | D:4      | Killed an ogre
   572 | D:4      | Reached skill level 5 in Fighting
   572 | D:4      | Reached skill level 5 in Maces & Flails
   572 | D:4      | Reached XP level 4. HP: 28/50 MP: 4/4
   780 | D:4      | Reached XP level 5. HP: 57/57 MP: 5/5
  1083 | D:3      | Noticed Grinder
  1106 | D:3      | Killed Grinder
  1106 | D:3      | Reached skill level 6 in Maces & Flails
  1106 | D:3      | Reached XP level 6. HP: 33/67 MP: 6/6
  1118 | D:3      | Found a faded altar of an unknown god.
  1337 | D:3      | Noticed an ice beast
  1350 | D:3      | Killed an ice beast
  1350 | D:3      | Reached skill level 7 in Maces & Flails
  1350 | D:3      | Reached XP level 7. HP: 54/75 MP: 7/7
  3226 | D:4      | Reached skill level 8 in Maces & Flails
  3293 | D:4      | HP: 1/78 [orc priest/hand axe (4)]
  3294 | D:4      | Slain by an orc priest

Skill      XL: |  1  2  3  4  5  6  7 |
---------------+----------------------+-----
Maces & Flails | 3 5 6 7 8 |  8.1
Fighting       | 5 6 7 |  7.0
Dodging        | 3 4 |  4.3
Shields        | |  2.6

Action                   |  1- 3 |  4- 6 |  7- 9 || total
-------------------------+-------+-------+-------++-------
Melee: Flail             |    64 |    89 |    21 ||   174
       Mace              |       |       |   149 ||   149
Throw: Tomahawk          |       |       |     6 ||     6
Evoke: Wand              |       |     2 |     2 ||     4
  Use: Scroll            |     2 |       |     8 ||    10
       Potion            |     1 |     1 |     9 ||    11
  Eat: Chunk             |       |     2 |     5 ||     7
Armor: Robe              |    15 |    28 |    35 ||    78
Dodge: Dodged            |    35 |    62 |   106 ||   203
